 Dungeon Crawl Stone Soup version 0.20.1-1-g8b1a95d (webtiles) character file.

18 Monsterracer the Covered (level 2, 0/21 HPs)
             Began as a Demonspawn Wanderer on Oct 18, 2017.
             Slain by a gnoll
             ... wielding a +0 halberd
              (8 damage)
             ... on level 2 of the Dungeon.
             The game lasted 00:01:23 (898 turns).

Monsterracer the Covered (Demonspawn Wanderer)       Turns: 898, Time: 00:01:24

Health: 0/21       AC:  8    Str: 10    XL:     2   Next: 48%
Magic:  2/2        EV:  8    Int: 13    God:
Gold:   14         SH:  0    Dex: 14    Spells: 1/1 levels left

rFire    + . .     SeeInvis .   a - +2 hand axe
rCold    + . .     Gourm    .   (no shield)
rNeg     . . .     Faith    .   e - +0 scale mail
rPois    .         Spirit   .   (no helmet)
rElec    .         Reflect  .   i - scarf {rC+ rF+}
rCorr    .         Harm     .   k - +0 pair of gloves
MR       .....                  (no boots)
Stlth    ..........             (no amulet)
Regen    0.1/turn               (no ring)
MPRegen  0.1/turn               (no ring)

@: no status effects
A: powered by death 1
a: no special abilities


You were on level 2 of the Dungeon.
You were not hungry.

You visited 1 branch of the dungeon, and saw 2 of its levels.

You collected 14 gold pieces.

Inventory:

Hand Weapons
 a - a +2 hand axe (weapon)
Armour
 d - a +0 robe
 e - a +0 scale mail (worn)
 i - a scarf of resistance (worn)
 k - a +0 pair of gloves (worn)
Scrolls
 j - a scroll of fear {unknown}
Potions
 c - 4 potions of curing
 g - a potion of haste {unknown}
 h - a potion of lignification {unknown}
Comestibles
 b - a royal jelly
 f - a bread ration
 l - a meat ration


   Skills:
 + Level 1.5 Fighting
 * Level 2.5(2.7) Axes
   Level 1.0(1.9) Maces & Flails
 - Level 3.6 Armour
 - Level 1.0 Stealth
   Level 1.0 Evocations


You had one spell level left.
You didn't know any spells.

Dungeon Overview and Level Annotations

Branches:
Dungeon (2/15)

Altars:


Innate Abilities, Weirdness & Mutations

You regenerate a little health from kills.


Message History

(D) Dungeon
Where to? (Enter - D:1 @ (x,y), ? - help)
What level of the Dungeon? (default 1, ? - help)
You see here 20 stones.
You see here a whip.
You see here a club.
You open the door.
There is an open door here.
There is a stone staircase leading down here.
You climb downwards.
There is a stone staircase leading up here.
Key pressed, stopping travel.
A giant cockroach comes into view.
A giant cockroach is nearby!
A giant cockroach is nearby!
The giant cockroach barely misses you.
You closely miss the giant cockroach.
The giant cockroach bites you but does no damage.
You closely miss the giant cockroach.
The giant cockroach completely misses you.
The giant cockroach bites you but does no damage.
You closely miss the giant cockroach.
The giant cockroach bites you but does no damage.
You slash the giant cockroach!
You kill the giant cockroach!
No target in view!
No target in view!
No target in view!
No target in view!
(D) Dungeon
Where to? (Enter - D:2, ? - help) You're already here!
A hobgoblin comes into view. It is wielding a club.
The hobgoblin shouts!
Found a ring mail.
A hobgoblin is nearby!
A hobgoblin is nearby!
The hobgoblin hits you but does no damage.
You hit the hobgoblin but do no damage.
The hobgoblin hits you but does no damage.
You closely miss the hobgoblin.
The hobgoblin hits you but does no damage.
Your scale mail prevents you from hitting the hobgoblin.
The hobgoblin hits you with a club.
Damage: -4%(-1hp) hp: 96%(20hp)
You hit the hobgoblin but do no damage.
The hobgoblin hits you but does no damage.
You closely miss the hobgoblin. The hobgoblin barely misses you.
The hobgoblin completely misses you.
A hobgoblin is nearby!
You hit the hobgoblin.
The hobgoblin is severely wounded.
The hobgoblin closely misses you.
You completely miss the hobgoblin.
The hobgoblin is severely wounded.
The hobgoblin hits you with a club.
Damage: -19%(-4hp) hp: 81%(17hp)
You hit the hobgoblin.
The hobgoblin is severely wounded.
The hobgoblin hits you but does no damage.
You slash the hobgoblin!
You kill the hobgoblin!
HP restored.
You see here a club.
Found 19 stones.
No target in view!
No target in view!
No target in view!
A gnoll comes into view. It is wielding a club.
The gnoll shouts!
A gnoll comes into view. It is wielding a whip.
You see here 19 stones.
There are monsters nearby!
The gnoll shouts!
A gnoll comes into view. It is wielding a halberd.
The gnoll shouts!
The gnoll moves out of view.
You barely miss the gnoll. The gnoll closely misses you.
A gnoll comes into view.
The gnoll shouts!
You slash the gnoll!
The gnoll is severely wounded.
The gnoll hits you with a club!
Huge Dmg: -33%(-7hp) hp: 67%(14hp)
You hit the gnoll.
The gnoll is almost dead.
The gnoll hits you from afar with a halberd.
* * * LOW HITPOINT WARNING * * *
Huge Dmg: -24%(-5hp) hp: 43%(9hp)
Your scale mail prevents you from hitting the gnoll.
The gnoll barely misses you.
You completely miss the gnoll.
A kobold comes into view.
You barely miss the gnoll.
The gnoll is almost dead.
You hit the gnoll. The gnoll hits you with a whip.
* * * LOW HITPOINT WARNING * * *
The gnoll hits you but does no damage.
The gnoll hits you from afar with a halberd!
You die...

#. .##... ........
##...%...#.### #
##..............# ..K##
##...............#
......##g................
#ggg@...............#
####.(....[.........#
#................#
#................#
#................#
##........).......
##.....##.....###
##############


You could see 4 gnolls and a kobold.

Vanquished Creatures
  A dart slug (D:1)
  A bat (D:1)
  A giant cockroach (D:2)
  2 goblins (D:1)
  5 hobgoblins
  A kobold (D:1)
  2 rats (D:1)
13 creatures vanquished.

Notes
Turn   | Place    | Note
-------+----------+-------------------------------------------
     0 | D:1      | Monsterracer the Demonspawn Wanderer began the quest for the Orb.
     0 | D:1      | Monsterracer set off with: a +2 hand axe, a +0 mace, a potion of curing, a +0 robe, a bread ration
     0 | D:1      | Reached XP level 1. HP: 15/15 MP: 1/1
   390 | D:1      | Gained mutation: You regenerate a little health from kills. [demonic ancestry]
   390 | D:1      | Reached XP level 2. HP: 21/21 MP: 2/2
   894 | D:2      | HP: 9/21 [gnoll/halberd (5)]
   898 | D:2      | Slain by a gnoll

Skill      XL: |  1 |
---------------+----+-----
Axes           | 2 |  2.5
Fighting       | |  1.5
Maces & Flails | |  1.0
Armour         | |  3.6
Stealth        | |  1.0
Evocations     | |  1.0

Action                   || total
-------------------------++-------
Melee: Hand axe          ||    44
Armor: Scale mail        ||    15
       Robe              ||     3
Dodge: Dodged            ||    17

Vault maps used:
D:1:      minmay_arrival_up_and_down
D:2:      chequers_ecumenical_altar_lobes, first_bread, minmay_snake_closets
